% Time on Ice - VANCOUVER VOODOO
Lines # - Real PCT - Wanted PCT - Time Play
Normal Forward
1 - 32% - 36% - 14:16
2 - 28% - 31% - 12:16
3 - 22% - 23% - 9:38
4 - 18% - 10% - 7:58
Normal Defense
1 - 35% - 36% - 15:23
2 - 32% - 33% - 14:19
3 - 30% - 31% - 13:21
4 - 2% - 0% - 1:05
PP Forward
1 - 46% - 55% - 2:44
2 - 54% - 45% - 3:13
PP Defense
1 - 65% - 55% - 3:51
2 - 35% - 45% - 2:06
PK Forward
1 - 64% - 55% - 6:20
2 - 36% - 45% - 3:35
PK Defense
1 - 48% - 55% - 4:46
2 - 52% - 45% - 5:09
PK3 Forward
1 - 0% - 55%
2 - 0% - 45%
PK3 Defense
1 - 0% - 55%
2 - 0% - 45%
44 Forward
1 - 0% - 55%
2 - 0% - 45%
44 Defense
1 - 0% - 55%
2 - 0% - 45%
Last Minute Offensive  - 0:00
Last Minute Defensive  - 0:00
Total
Forward - 60:00
Defense - 60:00
% Time on Ice - ANAHEIM OUTLAWS
Lines # - Real PCT - Wanted PCT - Time Play
Normal Forward
1 - 34% - 36% - 15:13
2 - 28% - 31% - 12:12
3 - 26% - 23% - 11:27
4 - 12% - 10% - 5:16
Normal Defense
1 - 35% - 36% - 15:39
2 - 32% - 31% - 14:17
3 - 27% - 23% - 12:08
4 - 5% - 10% - 2:04
PP Forward
1 - 53% - 55% - 5:16
2 - 47% - 45% - 4:39
PP Defense
1 - 52% - 55% - 5:09
2 - 48% - 45% - 4:46
PK Forward
1 - 59% - 55% - 3:29
2 - 41% - 45% - 2:28
PK Defense
1 - 44% - 55% - 2:36
2 - 56% - 45% - 3:21
PK3 Forward
1 - 0% - 55%
2 - 0% - 45%
PK3 Defense
1 - 0% - 55%
2 - 0% - 45%
44 Forward
1 - 0% - 55%
2 - 0% - 45%
44 Defense
1 - 0% - 55%
2 - 0% - 45%
Last Minute Offensive  - 0:00
Last Minute Defensive  - 0:00
Total
Forward - 60:00
Defense - 60:00
Play-by-Play 1st period 0:01 of 1st period - Dominik Kubalik wins face-off versus Jeff Skinner in neutral zone. 0:11 of 1st period - Matthew Grzelcyk is hit by Haydn Fleury. 0:40 of 1st period - Shot by Dominik Kubalik. 0:40 of 1st period - Stopped by Robin Lehner without a rebound. 0:41 of 1st period - Carter Verhaeghe wins face-off versus Jake Evans in ANAHEIM OUTLAWS zone. 0:54 of 1st period - Shot by Carter Verhaeghe. 0:54 of 1st period - Goal by Carter Verhaeghe - VANCOUVER VOODOO : 0 - ANAHEIM OUTLAWS : 1. 0:55 of 1st period - Radek Faksa wins face-off versus Pius Suter in neutral zone. 1:28 of 1st period - Shot by Brendan Gallagher. 1:28 of 1st period - Stopped by Robin Lehner without a rebound. 1:29 of 1st period - Jake Evans wins face-off versus Carter Verhaeghe in ANAHEIM OUTLAWS zone. 1:34 of 1st period - Shot by Anthony Beauvillier. 1:34 of 1st period - Stopped by Robin Lehner without a rebound. 1:35 of 1st period - Michael Rasmussen wins face-off versus Jack McBain in ANAHEIM OUTLAWS zone. 1:40 of 1st period - Shot by Kent Johnson. 1:40 of 1st period - Stopped by Samuel Montembeault without a rebound. 1:41 of 1st period - Jake Evans wins face-off versus Carter Verhaeghe in VANCOUVER VOODOO zone. 1:58 of 1st period - Shot by Anthony Beauvillier. 1:58 of 1st period - Shot Misses the Net. 2:04 of 1st period - Carter Verhaeghe is hit by Anthony Beauvillier and loses puck. 2:42 of 1st period - Icing by Anthony Beauvillier. 2:43 of 1st period - Michael Rasmussen wins face-off versus Jake Evans in VANCOUVER VOODOO zone. 3:15 of 1st period - Kent Johnson is hit by Patric Hornqvist and loses puck. 3:31 of 1st period - Icing by Dylan Coghlan. 3:32 of 1st period - Michael Rasmussen wins face-off versus Jack McBain in ANAHEIM OUTLAWS zone. 3:48 of 1st period - Icing by Michael Rasmussen. 3:49 of 1st period - Cole Sillinger wins face-off versus Zack MacEwen in ANAHEIM OUTLAWS zone. 3:54 of 1st period - Shot by Josh Anderson. 3:54 of 1st period - Stopped by Robin Lehner with a rebound. 4:30 of 1st period - Morgan Rielly is hit by Cole Sillinger and loses puck. 6:45 of 1st period - Icing by Marcus Johansson. 6:46 of 1st period - Jeff Skinner wins face-off versus Jack McBain in VANCOUVER VOODOO zone. 7:22 of 1st period - Icing by Mike Reilly. 7:23 of 1st period - Carter Verhaeghe wins face-off versus Jack McBain in VANCOUVER VOODOO zone. 7:44 of 1st period - Icing by Carter Verhaeghe. 7:45 of 1st period - Carter Verhaeghe wins face-off versus Radek Faksa in ANAHEIM OUTLAWS zone. 7:56 of 1st period - Shot by Brendan Gallagher. 7:56 of 1st period - Stopped by Robin Lehner with a rebound. 8:01 of 1st period - Icing by Haydn Fleury. 8:02 of 1st period - Carter Verhaeghe wins face-off versus Jake Evans in ANAHEIM OUTLAWS zone. 8:02 of 1st period - Carter Verhaeghe is hit by Patric Hornqvist. 9:11 of 1st period - Shot by Jeff Skinner. 9:11 of 1st period - Shot Misses the Net. 9:13 of 1st period - Shot by Michael Bunting. 9:13 of 1st period - Stopped by Samuel Montembeault without a rebound. 9:14 of 1st period - Jeff Skinner wins face-off versus Radek Faksa in VANCOUVER VOODOO zone. 9:17 of 1st period - Shot by Jeff Skinner. 9:17 of 1st period - Stopped by Samuel Montembeault without a rebound. 9:18 of 1st period - Jeff Skinner wins face-off versus Radek Faksa in VANCOUVER VOODOO zone. 9:25 of 1st period - Minor Penalty to Brendan Lemieux for Hooking. 9:26 of 1st period - Radek Faksa wins face-off versus Kent Johnson in VANCOUVER VOODOO zone. 10:22 of 1st period - Shot by Morgan Rielly. 10:22 of 1st period - Stopped by Samuel Montembeault without a rebound. 10:23 of 1st period - Carter Verhaeghe wins face-off versus Jake Evans in VANCOUVER VOODOO zone. 11:18 of 1st period - Icing by Adrian Kempe. 11:19 of 1st period - Radek Faksa wins face-off versus Kent Johnson in ANAHEIM OUTLAWS zone. 11:24 of 1st period - Shot by Marcus Johansson. 11:24 of 1st period - Stopped by Robin Lehner without a rebound. 11:25 of 1st period - Cole Sillinger wins face-off versus Michael Bunting in ANAHEIM OUTLAWS zone. 11:30 of 1st period - Shot by Dominik Kubalik. 11:30 of 1st period - Shot Misses the Net. 11:49 of 1st period - Shot by Jeff Skinner. 11:49 of 1st period - Deflect By Kevin Fiala. 11:49 of 1st period - Stopped by Samuel Montembeault without a rebound. 11:50 of 1st period - Radek Faksa wins face-off versus Pius Suter in VANCOUVER VOODOO zone. 12:12 of 1st period - Brendan Gallagher is hit by Henri Jokiharju and loses puck. 12:59 of 1st period - Shot by Kevin Fiala. 12:59 of 1st period - Deflect By Jeff Skinner. 12:59 of 1st period - Shot Blocked by Patric Hornqvist. 13:01 of 1st period - Shot by Jeff Skinner. 13:01 of 1st period - Shot Misses the Net. 13:03 of 1st period - Shot by Jeff Skinner. 13:03 of 1st period - Stopped by Samuel Montembeault with a rebound. 13:19 of 1st period - Shot by Jeff Skinner. 13:19 of 1st period - Shot Misses the Net. 13:21 of 1st period - Shot by Michael Bunting. 13:21 of 1st period - Stopped by Samuel Montembeault with a rebound. 13:23 of 1st period - Shot by Michael Bunting. 13:23 of 1st period - Shot Blocked by Jake Evans. 13:25 of 1st period - Shot by Michael Bunting. 13:25 of 1st period - Deflect By Jeff Skinner. 13:25 of 1st period - Stopped by Samuel Montembeault with a rebound. 14:21 of 1st period - Shot by Josh Anderson. 14:21 of 1st period - Stopped by Robin Lehner without a rebound. 14:22 of 1st period - Michael Rasmussen wins face-off versus Denis Gurianov in ANAHEIM OUTLAWS zone. 14:42 of 1st period - Michael Rasmussen is hit by Logan Stanley and loses puck. 15:01 of 1st period - Off-side. 15:02 of 1st period - Jeff Skinner wins face-off versus Radek Faksa in neutral zone. 16:38 of 1st period - Sebastien Aho is hit by Pierre Engvall. 17:26 of 1st period - Shot by Carter Verhaeghe. 17:26 of 1st period - Stopped by Samuel Montembeault without a rebound. 17:27 of 1st period - Cole Sillinger wins face-off versus Jeff Skinner in VANCOUVER VOODOO zone. 17:59 of 1st period - Shot by Dominik Kubalik. 17:59 of 1st period - Stopped by Robin Lehner without a rebound. 18:00 of 1st period - Michael Rasmussen wins face-off versus Jake Evans in ANAHEIM OUTLAWS zone. 18:23 of 1st period - Shot by Anthony Beauvillier. 18:23 of 1st period - Shot Blocked by Noah Hanifin. 18:42 of 1st period - Minor Penal